 Dungeon Crawl Stone Soup version 0.30-a0-305-g026cb31310 (webtiles) character file.

Game seed: 15169512581765405750

165 billz999 the Changer (level 5, -2/35 HPs)
             Began as a Vampire Earth Elementalist on Oct 23, 2022.
             Slain by an iguana (6 damage)
             ... on level 4 of the Dungeon.
             The game lasted 00:05:08 (2922 turns).

billz999 the Changer (Vampire Earth Elementalist)   Turns: 2922, Time: 00:05:09

Health: -2/35      AC:  3    Str:  7    XL:     5   Next: 21%
Magic:  1/8        EV: 12    Int: 20    God:
Gold:   146        SH:  0    Dex: 14    Spells: 7/8 levels left

rFire   + . .      SeeInvis +    w - +0 dagger (protect)
rCold   + . .      Faith    .    (no shield)
rNeg    . . .      Spirit   .    a - +0 robe
rPois   +          Reflect  .    h - +0 helmet
rElec   +          Harm     .    (no cloak)
rCorr   +          Rampage  .    (no gloves)
Will    .....                    (no boots)
Stlth   ++........               (no amulet)
HPRegen 0.45/turn                j - ring of flight
MPRegen 0.11/turn                (no ring)

@: about to teleport, resistant, flying, healing quickly
A: alive, fangs 3, see invisible, vampiric 2, sense surroundings 1
a: Exsanguinate


You were on level 4 of the Dungeon.
You visited 1 branch of the dungeon, and saw 4 of its levels.

You collected 146 gold pieces.

Inventory:

Hand Weapons
 b - a +0 dagger
 w - a +0 dagger of protection (weapon)
Armour
 a - a +0 robe (worn)
 d - a +0 tower shield
 h - a +0 helmet (worn)
 k - a +0 helmet
Jewellery
 j - a ring of flight (left hand)
 v - a ring of fire
Wands
 r - a wand of charming (8)
Scrolls
 c - 5 scrolls of identify {unknown}
 e - a scroll of teleportation
 f - 2 scrolls of butterflies {unknown}
 i - a scroll of noise
 o - a scroll of magic mapping {unknown}
 s - 2 scrolls of amnesia
 u - a scroll of enchant armour {unknown}
Potions
 g - 2 potions of mutation


   Skills:
 - Level 2.1 Dodging
 - Level 3.0 Stealth
 - Level 2.0 Spellcasting
 + Level 5.7 Transmutations
 - Level 3.0 Earth Magic


You had 7 spell levels left.
You knew the following spells:

 Your Spells              Type           Power      Damage    Failure   Level
a - Sandblast             Erth           28%        2d8       4%          1

Your spell library contained the following spells:

 Spells                   Type           Power      Damage    Failure   Level
 Passwall                 Tmut/Erth      15%        N/A       4%          2
 Magic Dart               Conj           8%         1d3       16%         1
 Ignite Poison            Fire/Tmut/Pois 9%         N/A       22%         3
 Call Imp                 Summ           2%         N/A       24%         2
 Stone Arrow              Conj/Erth      16%        3d8       26%         3
 Petrify                  Tmut/Erth      19%        N/A       26%         4
 Mephitic Cloud           Conj/Pois/Air  2%         N/A       43%         3
 Sticky Flame             Conj/Fire      2%         2d3       83%         4
 Ignition                 Fire           1%         3d3       100%        8


Dungeon Overview and Level Annotations

Branches:
Dungeon (4/15)
 Temple: D:4-7

Altars:

Shops:
D:1 *


Innate Abilities, Weirdness & Mutations

Your natural rate of healing is accelerated.
You have razor-sharp teeth.
You have supernaturally acute eyesight. (SInv)
You are afflicted with vampirism and can become a bat while bloodless.
You passively map a small area around you.


Message History

Aim: an iguana (heavily wounded, 84% to hit)
The blast of sand hits the iguana.
The iguana is severely wounded.
The iguana bites you!
Unknown command.
Casting: Sandblast (safe; 4% risk of failure)
Confirm with . or Enter, or press ? or * to list all spells.
Aiming: Sandblast (safe; 4% risk of failure)
Press: ? - help, Shift-Dir - straight line, f/p - iguana
Aim: an iguana (severely wounded, 84% to hit)
The blast of sand hits the iguana but does no damage.
The iguana is severely wounded.
The iguana bites you. The iguana barely misses you.
Unknown command.
Casting: Sandblast (safe; 4% risk of failure)
Confirm with . or Enter, or press ? or * to list all spells.
Aiming: Sandblast (safe; 4% risk of failure)
Press: ? - help, Shift-Dir - straight line, f/p - iguana
Aim: an iguana (severely wounded, 84% to hit)
The blast of sand misses the iguana.
The iguana bites you!
* * * LOW HITPOINT WARNING * * *
Unknown command.
It was a potion of resistance.
You feel protected. The iguana completely misses you.
As you read the scroll labelled QENTOA YNLAONGOLA, it crumbles to dust.
You hear a loud clanging noise!
It was a scroll of noise.
The iguana bites you.
* * * LOW HITPOINT WARNING * * *
Okay, then.
As you read the scroll labelled DOAVAEWOARGH, it crumbles to dust.
It is a scroll of amnesia.
Really abort (and waste the scroll)?
Okay, then.
The iguana misses you.
Okay, then.
As you read the scroll labelled FUEG JIERCHY, it crumbles to dust.
You feel strangely unstable.
It was a scroll of teleportation.
The iguana bites you.
You die...

* ### **### * #.. ..#
### #.# * #.# * #...*
#$######.#
*.....##.##...#.#
...........l@..## #####
.....##.#.......# #...#
* #... *#.........#
###...##### ...
#.........###......(...
..
####.####...........##.
. * #.# #####.......##.
* , #.# ##.....###. *
##'## #<....# #. ,
##...## #.###.###.


You could see an iguana.

Vanquished Creatures
  A phantom (D:3)
  An adder (D:3)
  2 worms (D:2)
  3 dart slugs
  9 bats
  5 endoplasms
  2 giant cockroaches (D:1)
  9 goblins
  5 hobgoblins
  4 jackals (D:3)
  4 quokkas
  5 ball pythons
  4 frilled lizards
  9 kobolds
  7 rats
70 creatures vanquished.

Notes
Turn   | Place    | Note
-------+----------+-------------------------------------------
     0 | D:1      | billz999 the Vampire Earth Elementalist began the quest for
                  | the Orb.
     0 | D:1      | Reached XP level 1. HP: 13/13 MP: 3/3
   260 | D:1      | Reached skill level 2 in Transmutations
   349 | D:1      | Reached XP level 2. HP: 19/19 MP: 3/5
   593 | D:1      | Found Orudytoca's Assorted Antiques.
   597 | D:1      | Reached skill level 3 in Transmutations
   789 | D:1      | Gained mutation: You are afflicted with vampirism and can
                  | become a bat while bloodless. [Vampire growth]
   789 | D:1      | Reached XP level 3. HP: 24/24 MP: 4/6
  1629 | D:2      | Found a faded altar of an unknown god.
  1702 | D:2      | Reached skill level 4 in Transmutations
  2106 | D:3      | Noticed a phantom
  2117 | D:3      | Reached XP level 4. HP: 30/30 MP: 4/7
  2208 | D:3      | Gained mutation: You passively map a small area around you.
                  | [potion of mutation]
  2211 | D:3      | Killed a phantom
  2212 | D:3      | Reached skill level 5 in Transmutations
  2212 | D:3      | Reached XP level 5. HP: 33/35 MP: 0/8
  2922 | D:4      | Slain by an iguana

Illustrated notes

Levels and vault maps discovered:
D:1:      dpeg_arrival_snail, layout_basic, serial_shops,
          nicolae_shop_overgrown_old_shop
D:2:      layout_loops_corners, ebering_ecumenical_altar_hall
D:3:      layout_basic, minmay_misc_feat_room, st_stairs_4
D:4:      layout_loops_corners, fedhas_ov_isle_minmay, kennysheep_mini,
          trog_three_pillars_becter, skrybe_limestone_x, minmay_checkerbox

Skill      XL: |  1  2  3  4 |
---------------+-------------+-----
Transmutations | 2 3 4 5 |  5.7
Dodging        | |  2.1
Stealth        | |  3.0
Spellcasting   | |  2.0
Earth Magic    | |  3.0

Action                   |  1- 3 |  4- 6 || total
-------------------------+-------+-------++-------
Melee: Unarmed           |     6 |       ||     6
       Dagger            |       |    47 ||    47
       Bite              |       |     1 ||     1
 Cast: Sandblast         |    78 |    35 ||   113
  Use: Potion            |     1 |     8 ||     9
       Scroll            |       |     3 ||     3
 Stab: Sleeping          |       |     1 ||     1
Armor: Robe              |     2 |    31 ||    33
       Skin              |       |     6 ||     6
Dodge: Dodged            |    12 |    60 ||    72

Table legend: (Time is in decaauts)
 A = Elapsed time spent in this place.
 B = Non-inter-level travel time spent in this place.
 C = Inter-level travel time spent in this place.
 D = Time resting spent in this place.
 E = Time spent auto-exploring this place.
 F = Levels seen in this place.
 G = Mean time per level.
                   A        B        C        D        E       F      G
               +--------+--------+--------+--------+--------+-----+--------+
         Total |   2956 |   2833 |    123 |     68 |   2306 |   4 |  739.0 |
       Dungeon |   2956 |   2833 |    123 |     68 |   2306 |   4 |  739.0 |
               +--------+--------+--------+--------+--------+-----+--------+

Top non-repeatable levels by time:
     D:2: 1020 daAuts
     D:1: 973 daAuts
     D:3: 756 daAuts
     D:4: 206 daAuts
